 Dungeon Crawl Stone Soup version 0.19.0 (webtiles) character file.

160 Jorund the Chopper (level 5, 20/41 HPs)
             Began as a Demonspawn Fighter on Nov 1, 2016.
             Quit the game on level 3 of the Dungeon.
             The game lasted 00:04:06 (2278 turns).

Jorund the Chopper (Demonspawn Fighter)             Turns: 2278, Time: 00:04:07

Health: 20/41      AC:  5    Str: 23    XL:     5   Next: 17%
Magic:  1/5        EV: 10    Int:  9    God:
Gold:   151        SH:  0    Dex: 12    Spells: 0 memorised, 4 levels left

rFire  . . .     SeeInvis .     a - +1 war axe
rCold  . . .     Gourm    .     e - +0 ring mail
rNeg   . . .     Faith    .     (no shield)
rPois  .         Spirit   +     (no helmet)
rElec  .         Reflect  .     (no cloak)
rCorr  .         Harm     .     (no gloves)
MR     +....                    (no boots)
Stlth  ..........               o - amulet of rage
                                (no ring)
                                h - ring of protection from magic

@: mighty
A: hooves 1, powered by death 1, magic shield
a: Evoke Berserk Rage


You were on level 3 of the Dungeon.
You were not hungry.

You visited 1 branch of the dungeon, and saw 3 of its levels.

You collected 151 gold pieces.

Inventory:

Hand Weapons
 a - a +1 war axe (weapon)
Missiles
 i - 6 javelins (quivered)
Armour
 b - a +1 scale mail
 c - a +0 shield
 e - a +0 ring mail (worn)
Jewellery
 h - a ring of protection from magic (left hand)
 o - an amulet of rage (around neck)
Scrolls
 s - a scroll of enchant weapon
Potions
 d - a potion of might
 g - 3 potions of flight
 j - 4 potions of heal wounds
 k - a potion of haste
 l - a potion of ambrosia {unknown}
 t - a potion of invisibility
 u - a potion of degeneration {unknown}
 w - a potion of curing {unknown}
Comestibles
 f - 3 bread rations
 m - a royal jelly
 r - 2 meat rations
 v - 2 chunks of flesh


   Skills:
 - Level 3.0 Fighting
 + Level 5.0 Axes
 - Level 2.6 Armour
 - Level 2.6 Shields


You had 4 spell levels left.
You didn't know any spells.

Dungeon Overview and Level Annotations

Branches:
Dungeon (3/15)

Altars:


Innate Abilities, Weirdness & Mutations

You have large cloven feet.
You regenerate a little health from kills.
When hurt, damage is shared between your health and your magic reserves.


Message History

Reactivating autopickup.
You have reached level 5!
Your demonic ancestry asserts itself...
A wave of death washes over you.
You feel a bit more experienced. The orc completely misses you.
The orc hits you but does no damage.
You barely miss the orc. You kick the orc.
You kill the orc!
Your Axes skill increases to level 5!
You now have 151 gold pieces (gained 16).
Things that are here:
a dagger; a robe; an orc corpse You butcher the orc corpse.
v - 3 chunks of flesh (gained 1)
Things that are here:
a dagger; a robe Eat one of 3 chunks of flesh? (ye/n/q)
You start eating one of the 3 chunks of flesh.
This raw flesh tastes terrible.
Are you sure you want to abandon this character and quit the game? (Confirm with "yes".)

.........................#
...........>####.........#
............####.........#
..##.....................#
#..###........##.........#
#...##.......############# #
##o.o#....)...## ##
###.....#..##..#### ##.
.......###......@.## #..
g###.#.# ####...#).# #.. ##
#....# ##.....)...# #.. #
##....# #.........# #..
....... #..$.......# ###..
..>.....
#..........#####....
...........).............##.
..###..##.##.####..... ##
##.. .##..###รท####


There were no monsters in sight!

Vanquished Creatures
  An orc priest (D:3)
  An orc wizard (D:3)
  3 adders (D:3)
  An ooze (D:2)
  A worm (D:2)
  2 dart slugs
  A leopard gecko (D:1)
  3 orcs (D:3)
  2 ball pythons
  6 bats
  3 giant cockroaches
  8 goblins
  9 hobgoblins
  3 jackals (D:3)
  8 kobolds
  A quokka (D:3)
  2 frilled lizards
  7 rats
62 creatures vanquished.

Notes
Turn   | Place    | Note
-------+----------+-------------------------------------------
     0 | D:1      | Jorund the Demonspawn Fighter began the quest for the Orb.
     0 | D:1      | Reached XP level 1. HP: 18/18 MP: 1/1
    91 | D:1      | Reached skill level 2 in Axes
   224 | D:1      | Gained mutation: You have large cloven feet. [demonic ancestry]
   224 | D:1      | Reached XP level 2. HP: 23/24 MP: 2/2
   517 | D:1      | Reached skill level 3 in Axes
   897 | D:2      | Gained mutation: When hurt, damage is shared between your health and your magic reserves. [demonic ancestry]
   897 | D:2      | Reached XP level 3. HP: 24/29 MP: 3/3
  1550 | D:3      | Reached XP level 4. HP: 17/35 MP: 4/4
  1876 | D:3      | Reached skill level 4 in Axes
  2269 | D:3      | Gained mutation: You regenerate a little health from kills. [demonic ancestry]
  2269 | D:3      | Reached XP level 5. HP: 17/41 MP: 1/5
  2271 | D:3      | Reached skill level 5 in Axes
  2278 | D:3      | Quit the game

Skill      XL: |  1  2  3  4  5 |
---------------+----------------+-----
Axes           | 2 3 4 5 |  5.0
Fighting       | |  3.0
Armour         | |  2.6
Shields        | |  2.6

Action                   |  1- 3 |  4- 6 || total
-------------------------+-------+-------++-------
Melee: War axe           |   113 |    45 ||   158
       Kick              |    11 |    11 ||    22
  Use: Potion            |     1 |     2 ||     3
       Scroll            |       |    11 ||    11
  Eat: Chunk             |     2 |     3 ||     5
Armor: Ring mail         |    46 |    24 ||    70
       Scale mail        |     3 |       ||     3
Dodge: Dodged            |    69 |    38 ||   107
